 Dungeon Crawl Stone Soup version 0.29.0-11-gd7f09526c8 (webtiles) character file.

Game seed: 4584774922297161574

62 awesomegowd the Chopper (level 4, -2/40 HPs)
             Began as a Hill Orc Fighter on Sept 3, 2022.
             Slain by Sigmund
             ... wielding a +0 scythe
              (5 damage)
             ... on level 2 of the Dungeon.
             The game lasted 00:05:30 (1366 turns).

awesomegowd the Chopper (Hill Orc Fighter)          Turns: 1366, Time: 00:05:31

Health: -2/40      AC:  7    Str: 20    XL:     4   Next: 8%
Magic:  4/4        EV:  9    Int:  8    God:
Gold:   136        SH:  4    Dex: 10    Spells: 3/3 levels left

rFire   . . .      SeeInvis .   a - +0 war axe
rCold   . . .      Faith    .   c - +0 buckler
rNeg    . . .      Spirit   .   b - +0 scale mail
rPois   .          Reflect  .   (no helmet)
rElec   .          Harm     .   (no cloak)
rCorr   .          Rampage  .   (no gloves)
Will    .....                   (no boots)
Stlth   ..........              (no amulet)
HPRegen 0.13/turn               (no ring)
MPRegen 0.09/turn               (no ring)

@: no status effects
A: no striking features
a: no special abilities


You were on level 2 of the Dungeon.
You visited 1 branch of the dungeon, and saw 2 of its levels.

You collected 136 gold pieces.

Inventory:

Hand Weapons
 a - a +0 war axe (weapon)
Missiles
 j - 12 stones (quivered)
Armour
 b - a +0 scale mail (worn)
 c - a +0 buckler (worn)
Jewellery
 m - a ring of poison resistance
Scrolls
 f - 2 scrolls of vulnerability {unknown}
 g - a scroll of immolation {unknown}
 h - a scroll of summoning {unknown}
 i - 3 scrolls of identify {unknown}
 k - a scroll of blinking {unknown}
Potions
 d - 3 potions of might
 e - a potion of haste {unknown}
 l - a potion of heal wounds {unknown}
 n - a potion of curing {unknown}


   Skills:
 + Level 4.0 Fighting
 + Level 4.3 Axes
 + Level 3.7 Armour
 + Level 0.1 Dodging
 + Level 3.7 Shields


You had 3 spell levels left.
You didn't know any spells.
Your spell library was empty.

Dungeon Overview and Level Annotations

Branches:
Dungeon (2/15)

Altars:

Annotations:
D:2 Sigmund


Message History

You hit the frilled lizard.
You kill the frilled lizard!
You block the bat's attack.
Sigmund mumbles some strange words.
Sigmund flickers and vanishes!
Deactivating autopickup; reactivate with Ctrl-A.
You closely miss the bat. You hit the rat.
You kill the rat!
The bat hits you but does no damage. x2
You hit the bat.
The bat is severely wounded.
You hit the endoplasm. The bat hits you but does no damage.
You hear some strange, mumbled words.
Something tries to affect you, but you resist.
You block the endoplasm's attack.
The ball python bites you but does no damage.
The ball python grabs you. The ball python constricts you.
The endoplasm hits you but does no damage.
You closely miss the ball python. You hit the endoplasm.
You kill the endoplasm!
You closely miss the bat. The bat hits you. You block the ball python's attack.
The ball python constricts you. Something hits you but does no damage.
You slash the ball python!
You kill the ball python!
You hit the bat.
You kill the bat!
Something hits you. Something hits you. Something hits you.
* * * LOW HITPOINT WARNING * * *
You barely miss something. Something hits you but does no damage.
You slash something! Something hits you.
* * * LOW HITPOINT WARNING * * *
You closely miss something. Something hits you.
* * * LOW HITPOINT WARNING * * *
You hit something. Something hits you but does no damage.
You barely miss something. Something hits you.
* * * LOW HITPOINT WARNING * * *
You hit something. Something hits you.
You die...

#. ....#.. ..#.## #.
...... ..#..# #.
#...#####.....) #.#
#............#
#..#######...#...#
##.....#......!.†.#
#.............#.#.#
................{.#
......†.........@.#
.....................#
...............####..#
.†..........<..# #.#
.......)........# .#
#................. .
#.#####.###....... #.#
.# #.... #.# .#


There were no monsters in sight!

Vanquished Creatures
  An adder (D:2)
  A worm (D:2)
  2 dart slugs
  6 ball pythons
  3 bats (D:2)
  3 endoplasms
  2 giant cockroaches
  4 goblins
  7 hobgoblins
  2 jackals (D:1)
  2 kobolds (D:1)
  2 quokkas (D:1)
  A frilled lizard (D:2)
  4 rats
40 creatures vanquished.

Vanquished Creatures (others)
  10 plants (D:1)
10 creatures vanquished.

Grand Total: 50 creatures vanquished

Notes
Turn   | Place    | Note
-------+----------+-------------------------------------------
     0 | D:1      | awesomegowd the Hill Orc Fighter began the quest for the
                  | Orb.
     0 | D:1      | Reached XP level 1. HP: 19/19 MP: 1/1
   111 | D:1      | Found a faded altar of an unknown god.
   213 | D:1      | Reached XP level 2. HP: 27/27 MP: 2/2
   756 | D:1      | Reached XP level 3. HP: 26/33 MP: 3/3
  1338 | D:2      | Reached XP level 4. HP: 22/40 MP: 4/4
  1348 | D:2      | Noticed Sigmund
  1366 | D:2      | Slain by Sigmund

Illustrated notes

Levels and vault maps discovered:
D:1:      psy_arrival_radial02, layout_basic,
          shapermc_ecumenical_altar_acropolis, skrybe_limestone_x,
          serial_bayou_pond_c, st_stairs_14, hangedman_decor_riveting,
          minivault_5
D:2:      layout_rooms, basic_altar, minivault_5, hangedman_decor_lopped,
          uniq_terence, uniq_sigmund

Skill      XL: |  1  2  3 |
---------------+----------+-----
Axes           | 3 4 |  4.3
Fighting       | 4 |  4.0
Armour         | |  3.7
Dodging        | |  0.1
Shields        | |  3.7

Action                   |  1- 3 |  4- 6 || total
-------------------------+-------+-------++-------
Melee: War axe           |    99 |    11 ||   110
Armor: Scale mail        |    54 |     9 ||    63
Dodge: Dodged            |    55 |       ||    55
Block: Buckler           |    31 |     3 ||    34
